 Dungeon Crawl Stone Soup version 0.29-a0-243-g602b31c20e (webtiles) character file.

Game seed: 7695564681359245886

113 oldriver the Shooter (level 5, 0/40 HPs)
             Began as a Human Hunter on Mar 5, 2022.
             Slain by an orc
             ... wielding a +0 dagger of flaming
              (2 damage)
             ... on level 3 of the Dungeon.
             The game lasted 00:03:28 (1946 turns).

oldriver the Shooter (Human Hunter)                 Turns: 1946, Time: 00:03:28

Health: 0/40       AC:  7    Str: 11 (12) XL:     5   Next: 17%
Magic:  5/5        EV: 12    Int:  9 (11) God:
Gold:   111        SH:  0    Dex: 14 (16) Spells: 4/4 levels left

rFire   . . .      SeeInvis .   a - +1 shortbow
rCold   . . .      Faith    .   (shield currently unavailable)
rNeg    . . .      Spirit   .   b - +0 leather armour
rPois   .          Reflect  .   (no helmet)
rElec   .          Harm     .   (no cloak)
rCorr   .          Rampage  .   (no gloves)
Will    .....                   (no boots)
Stlth   ++........              j - amulet of magic regeneration
HPRegen 0.13/turn               c - +4 ring of protection
MPRegen 0.49/turn               (no ring)

@: mighty
A: no striking features
a: no special abilities


You were on level 3 of the Dungeon.
You visited 1 branch of the dungeon, and saw 3 of its levels.

You collected 111 gold pieces.

Inventory:

Hand Weapons
 a - a +1 shortbow (weapon)
 h - a +1 dagger of protection
Armour
 b - a +0 leather armour (worn)
Jewellery
 c - a +4 ring of protection (left hand)
 j - an amulet of magic regeneration (around neck)
Scrolls
 f - 2 scrolls of identify
Potions
 e - 2 potions of might
 i - 2 potions of flight
 m - a potion of brilliance {unknown}


   Skills:
 + Level 2.8 Fighting
 * Level 4.9 Bows
 + Level 2.7 Dodging
 + Level 2.3 Stealth


You had 4 spell levels left.
You didn't know any spells.
Your spell library contained the following spells:

 Spells                   Type           Power      Damage    Failure   Level
 Confusing Touch          Hex            0%         N/A       85%         3
 Yara's Violent Unravell  Hex/Tmut       0%         3d3       100%        5
 Enfeeble                 Hex            0%         N/A       100%        7


Dungeon Overview and Level Annotations

Branches:
Dungeon (3/15)

Altars:


Message History

The ball python constricts you. The ball python bites you.
* * * LOW HITPOINT WARNING * * *
The ball python constricts you.
Shoot: a) +1 shortbow
Press: ? - help, Q - select action Shift-Dir - straight line, f/p - ball python
Aim: a ball python (constricting you, 60% to hit)
You shoot an arrow. The arrow hits the ball python!
You kill the ball python!
Unknown command.
Shoot: a) +1 shortbow
Press: ? - help, Q - select action Shift-Dir - straight line, f - orc
Aim: an orc, wielding a +0 dagger of flaming and wearing a +3 chain mail (70% to hit)
You shoot an arrow.
The arrow hits the orc but does no damage.
The orc hits you but does no damage.
The orc hits you with a +0 dagger of flaming.
* * * LOW HITPOINT WARNING * * *
The orc burns you.
* * * LOW HITPOINT WARNING * * *
Shoot: a) +1 shortbow
Press: ? - help, Q - select action Shift-Dir - straight line, f/p - orc
Aim: an orc, wielding a +0 dagger of flaming and wearing a +3 chain mail (70% to hit)
You shoot an arrow.
The arrow hits the orc but does no damage.
The orc misses you.
Shoot: a) +1 shortbow
Press: ? - help, Q - select action Shift-Dir - straight line, f/p - orc
Aim: an orc, wielding a +0 dagger of flaming and wearing a +3 chain mail (70% to hit)
You shoot an arrow. The arrow closely misses the orc.
The orc barely misses you.
Shoot: a) +1 shortbow
Press: ? - help, Q - select action Shift-Dir - straight line, f/p - orc
Aim: an orc, wielding a +0 dagger of flaming and wearing a +3 chain mail (70% to hit)
You shoot an arrow. The arrow hits the orc.
The orc is severely wounded.
The orc barely misses you.
The orc hits you with a +0 dagger of flaming.
* * * LOW HITPOINT WARNING * * *
The orc burns you.
You die...

##+##+#.######.#.#
#######................[.
........................#
...............#.##.#####
...........>.....##.#....
.....!..............+....
.......#######.####.#....
.......#### #.# #.#....
.......o@.####.# #.#....
...>..)##.##.#.# #......
####### #.##.#.# ###....
#.##.#.## #....
#.##....#####....
#................
####.#..#####...
#.#..........
#.#..........


You could see an orc.

Vanquished Creatures
  An orc priest (D:3)
  An adder (D:2)
  A worm (D:2)
  2 dart slugs
  An orc (D:3)
  6 ball pythons
  5 endoplasms
  3 giant cockroaches
  3 goblins
  6 hobgoblins
  11 jackals (D:2)
  6 kobolds
  A quokka (D:2)
  3 bats (D:2)
  5 frilled lizards
  6 rats
61 creatures vanquished.

Notes
Turn   | Place    | Note
-------+----------+-------------------------------------------
     0 | D:1      | oldriver the Human Hunter began the quest for the Orb.
     0 | D:1      | Reached XP level 1. HP: 16/16 MP: 1/1
    87 | D:1      | Reached XP level 2. HP: 22/22 MP: 2/2
   420 | D:1      | Reached XP level 3. HP: 27/27 MP: 3/3
   772 | D:2      | Found a faded altar of an unknown god.
   912 | D:2      | Reached XP level 4. HP: 34/34 MP: 4/4
  1938 | D:3      | Reached XP level 5. HP: 4/40 MP: 5/5
  1946 | D:3      | HP: 2/40 [orc/+0 dagger of flaming (4)]
  1946 | D:3      | Slain by an orc

Illustrated notes

Levels and vault maps discovered:
D:1:      mushboom_english_gardens, layout_loops_ring
D:2:      layout_basic, serial_curves, eino_curves_02, eino_curves_03,
          nicolae_ecumenical_pavilion, minmay_misc_feat_five
D:3:      layout_basic

Skill      XL: |  1  2  3  4 |
---------------+-------------+-----
Stealth        | 2 |  2.3
Fighting       | |  2.8
Bows           | |  4.9
Dodging        | |  2.7

Action                   |  1- 3 |  4- 6 || total
-------------------------+-------+-------++-------
 Fire: Shortbow          |    62 |    93 ||   155
  Use: Scroll            |       |     3 ||     3
       Potion            |       |     3 ||     3
Armor: Leather armour    |     8 |    41 ||    49
Dodge: Dodged            |    25 |    54 ||    79

Table legend: (Time is in decaauts)
 A = Elapsed time spent in this place.
 B = Non-inter-level travel time spent in this place.
 C = Inter-level travel time spent in this place.
 D = Time resting spent in this place.
 E = Time spent auto-exploring this place.
 F = Levels seen in this place.
 G = Mean time per level.
                   A        B        C        D        E       F      G
               +--------+--------+--------+--------+--------+-----+--------+
         Total |   1994 |   1864 |    130 |    286 |   1251 |   3 |  664.7 |
       Dungeon |   1994 |   1864 |    130 |    286 |   1251 |   3 |  664.7 |
               +--------+--------+--------+--------+--------+-----+--------+

Top non-repeatable levels by time:
     D:2: 1024 daAuts
     D:1: 824 daAuts
     D:3: 145 daAuts
